 Dungeon Crawl Stone Soup version 0.21.1-1-g345015f (webtiles) character file.

136 Monsterracer the Sneak (level 5, 0/33 HPs)
             Began as an Octopode Transmuter on Feb 6, 2018.
             Slain by a howler monkey (6 damage)
             ... on level 3 of the Dungeon.
             The game lasted 00:05:25 (3564 turns).

Monsterracer the Sneak (Octopode Transmuter)        Turns: 3564, Time: 00:05:25

Health: 0/33       AC:  1    Str:  9    XL:     5   Next: 19%
Magic:  8/8        EV: 14    Int: 17    God:
Gold:   152        SH:  2    Dex: 12    Spells: 2/8 levels left

rFire    . . .     SeeInvis +     - Unarmed
rCold    + . .     Gourm    .   (no shield)
rNeg     . . .     Faith    .   (helmet restricted)
rPois    .         Spirit   .   d - +2 amulet of reflection
rElec    .         Reflect  +   (no ring)
rCorr    .         Harm     .   i - ring of protection from cold {!d}
MR       .....                  m - ring of see invisible
Stlth    +++.......             (no ring)
HPRegen  0.11/turn              (no ring)
MPRegen  0.11/turn              (no ring)
                                (no ring)
                                (no ring)

@: lethally poisoned (0 -> -1)
A: almost no armour, stealthy swim, amphibious, 8 rings, constrict 8, camouflage
1, gelatinous body 1
a: no special abilities


You were on level 3 of the Dungeon.
You were not hungry.

You visited 1 branch of the dungeon, and saw 4 of its levels.

You collected 152 gold pieces.

Inventory:

Missiles
 a - 23 arrows
Jewellery
 d - a +2 amulet of reflection (around mantle)
 i - a ring of protection from cold (right tentacle) {!d}
 m - a ring of see invisible (on tentacle)
Scrolls
 e - a scroll of teleportation
 f - 2 scrolls of fog
 g - 2 scrolls of magic mapping {!r}
 n - a scroll of enchant armour
Potions
 j - a potion of lignification
 k - a potion of haste
 l - a potion of heal wounds
 p - a potion of curing
Books
 b - a book of Changes

   Spells                             Type                      Level
   a - Beastly Appendage              Transmutation                1
   b - Sticks to Snakes               Transmutation                2
   c - Spider Form                    Transmutation/Poison         3
   d - Ice Form                       Ice/Transmutation            4
   e - Blade Hands                    Transmutation                5
Comestibles
 c - 10 rations


   Skills:
 + Level 1.2 Fighting
 + Level 3.0 Dodging
 - Level 4.0 Stealth
 * Level 3.3 Unarmed Combat
 - Level 2.0 Spellcasting
 * Level 3.1 Transmutations


You had 2 spell levels left.
You knew the following spells:

 Your Spells              Type           Power        Failure   Level  Hunger
a - Beastly Appendage     Tmut           ##....       5%          1    #......
b - Sticks to Snakes      Tmut           ##......     9%          2    ###....
c - Spider Form           Tmut/Pois      #.........   30%         3    ###....


Dungeon Overview and Level Annotations

Branches:
Dungeon (4/15)
 Temple: D:4-7

Altars:
Fedhas
Kikubaaqudgha
Makhleb
Wu Jian
Xom
Zin


Innate Abilities, Weirdness & Mutations

You cannot wear most types of armour.
You are very stealthy in the water. (Stealth+)
You are amphibious.
You can wear up to eight rings at the same time.
You can use your tentacles to constrict eight enemies at once.
Your skin changes colour to match your surroundings (Stealth+).
Your rubbery body absorbs attacks. (AC +1, EV +1)


Message History

Found a stone staircase leading up.
A worm comes into view.
A worm is nearby!
A worm is nearby!
The helpless worm fails to defend itself.
You tentacle-slap the worm. Your grab misses the worm. You squeeze the worm!
The worm is almost dead.
You tentacle-slap the worm but do no damage.
You grab the worm.
You kill the worm!
No target in view!
No target in view!
n - a scroll of enchant armour A bat comes into view.
The helpless bat fails to defend itself.
You tentacle-slap the bat. You grab the bat. Your squeeze misses the bat.
The bat is moderately wounded.
You constrict the bat. The bat closely misses you. The bat hits you.
You take 1 damage, and have 32/33 hp.
You tentacle-slap the bat.
You kill the bat!
No target in view!
Key pressed, stopping explore.
No target in view!
Health restored: 33 Key pressed, stopping explore.
No target in view!
Found 6 javelins.
You see here 6 javelins.
There is an open door here.
Done exploring.
Done exploring.
Done exploring.
Done exploring.
There is an open door here.
You see here a club.
Key pressed, stopping travel.
You can't go down here!
There is a stone staircase leading down here.
You climb downwards.
An adder and a howler monkey come into view.
The howler monkey howls!
The adder hisses angrily.
Found 16 stones and a scroll of teleportation.
There is a stone staircase leading up here.
Okay, then.
The adder barely misses you. The howler monkey misses you.
You climb upwards.
There is a stone staircase leading down here.
You closely miss the howler monkey. Your grab misses the howler monkey.
Your squeeze misses the howler monkey. The adder bites you.
You are poisoned.
The adder poisons you! The howler monkey barely misses you.
All of the chunks of flesh in your inventory have rotted away.
You take 3 damage, and have 30/33 hp.
You tentacle-slap the howler monkey but do no damage.
Your grab misses the howler monkey.
You feel sick. The adder bites you.
The howler monkey hoots and howls with incredible vigour!
You take 3 damage, and have 27/33 hp.
You tentacle-slap the howler monkey but do no damage.
Your grab misses the howler monkey. The adder completely misses you.
The howler monkey closely misses you. The adder misses you.
You tentacle-slap the howler monkey. Your grab misses the howler monkey.
The howler monkey is lightly wounded.
You feel sick. The howler monkey hits you!
The adder bites you but does no damage.
You take 8 damage, and have 20/33 hp.
MASSIVE DAMAGE!!
You closely miss the adder. Your grab misses the adder.
Your squeeze misses the adder. The howler monkey hits you.
The adder closely misses you.
You take 3 damage, and have 17/33 hp.
You tentacle-slap the adder but do no damage.
You grab the adder. You constrict the adder.
You feel sick. The howler monkey hits you.
* * * LOW HITPOINT WARNING * * *
The adder misses you.
You take 5 damage, and have 12/33 hp.
You release your grip on the adder.
The howler monkey closely misses you. The howler monkey misses you.
The howler monkey hoots and howls with incredible vigour!
You block the adder's attack.
You feel sick.
The howler monkey hoots and howls with incredible vigour!
You take 1 damage, and have 11/33 hp.
The adder barely misses you.
You feel sick.
You miss the adder. You grab the adder. Your squeeze misses the adder.
The adder is lightly wounded.
You constrict the adder. The adder bites you.
* * * LOW HITPOINT WARNING * * *
The howler monkey hoots and howls with incredible vigour!
You take 4 damage, and have 7/33 hp.
You tentacle-slap the adder but do no damage.
You kill the adder!
You feel sick.
You take 1 damage, and have 6/33 hp.
You barely miss the howler monkey. Your grab misses the howler monkey.
The howler monkey is lightly wounded.
The howler monkey hoots and howls with incredible vigour!
The howler monkey hits you.
You die...

############## #.........)...
#.........#### ###
##.8.....8.####
##.##############.............#
#.#...........@h†...........#<#
##.#####...#######.....>...##.#
#)# #...# #............##.# #.#
#8...8# #.##.........##.# #.#
##...## #.##[8.....8.##.#
####.# #...# #.##(........##.#
#....# ##...##
#...(.#..######.. #.##.#
#8...8# #.##....## ###
#.########...########)###


You could see a howler monkey.

Vanquished Creatures
  6 adders
  A worm (D:3)
  3 dart slugs
  3 orcs
  A ball python (D:1)
  8 bats
  2 giant cockroaches (D:2)
  10 goblins
  14 hobgoblins
  A quokka (D:2)
  3 frilled lizards
  9 kobolds
  6 rats
67 creatures vanquished.

Notes
Turn   | Place    | Note
-------+----------+-------------------------------------------
     0 | D:1      | Monsterracer the Octopode Transmuter began the quest for the Orb.
     0 | D:1      | Reached XP level 1. HP: 13/13 MP: 3/3
   235 | D:1      | Reached skill level 1 in Stealth
   445 | D:1      | Reached XP level 2. HP: 18/18 MP: 3/5
   449 | D:1      | Learned a level 2 spell: Sticks to Snakes
   555 | D:1      | Reached skill level 2 in Stealth
   877 | D:2      | Reached XP level 3. HP: 23/23 MP: 6/6
   910 | D:2      | Found an ornate altar of the Wu Jian Council.
   929 | D:2      | Reached skill level 3 in Stealth
   937 | D:2      | Learned a level 3 spell: Spider Form
   979 | D:2      | HP: 11/23 [adder (2)]
   984 | D:2      | HP: 8/23 [poisoned by an adder]
   992 | D:2      | HP: 7/23 [poisoned by an adder]
  1000 | D:2      | HP: 5/23 [poisoned by an adder]
  1097 | D:2      | HP: 11/23 [giant cockroach (1)]
  1278 | D:2      | Found a glowing silver altar of Zin.
  1278 | D:2      | Noticed an angel
  1279 | D:2      | Found a shimmering altar of Xom.
  1451 | D:2      | Reached XP level 4. HP: 26/28 MP: 7/7
  1461 | D:2      | Found a blossoming altar of Fedhas.
  2407 | D:3      | Reached skill level 4 in Stealth
  2480 | D:3      | HP: 14/28 [poisoned by a kobold]
  2486 | D:3      | HP: 10/28 [poisoned by a kobold]
  2491 | D:3      | HP: 9/28 [poisoned by a kobold]
  2498 | D:3      | HP: 8/28 [poisoned by a kobold]
  2506 | D:3      | HP: 6/28 [poisoned by a kobold]
  3164 | D:3      | Reached XP level 5. HP: 33/33 MP: 8/8
  3253 | D:3      | Found a burning altar of Makhleb.
  3253 | D:3      | Found an ancient bone altar of Kikubaaqudgha.
  3552 | D:3      | HP: 16/33 [poisoned by an adder]
  3558 | D:3      | HP: 11/33 [poisoned by an adder]
  3564 | D:3      | Slain by a howler monkey

Skill      XL: |  1  2  3  4  5 |
---------------+----------------+-----
Stealth        | 1 2 3 4 |  4.0
Transmutations | 3 |  3.1
Dodging        | 3 |  3.0
Fighting       | |  1.2
Unarmed Combat | |  3.3
Spellcasting   | |  2.0

Action                   |  1- 3 |  4- 6 || total
-------------------------+-------+-------++-------
Melee: Unarmed           |    60 |    99 ||   159
       Constrict         |    16 |    30 ||    46
       Kick              |     3 |       ||     3
       Tentacles         |     6 |    19 ||    25
       Punch             |     1 |     1 ||     2
 Cast: Beastly Appendage |     6 |       ||     6
  Use: Scroll            |     5 |     5 ||    10
 Stab: Sleeping          |     6 |     7 ||    13
  Eat: Chunk             |     2 |     6 ||     8
Armor: Skin              |     4 |     2 ||     6
Dodge: Dodged            |    36 |    58 ||    94
Block: Other             |       |     3 ||     3

Vault maps used:
D:1:      minmay_arrival_five_plusses
D:2:      grunt_temple_overflow_order_and_chaos_1,
          nicolae_overflow_crystal_walls, fedhas_altar_fruit_tree
D:3:      gammafunk_temple_overflow_elements, first_ration,
          corexii_hall_statues_x, st_stairs_1
D:4:      uniq_pikel
